 Dungeon Crawl Stone Soup version 0.29-a0-380-gf50f0a9fbc (webtiles) character file.

Game seed: 9269124324511166348

10 bande the Covered (level 2, 19/19 HPs)
             Began as a Gargoyle Fighter on May 5, 2022.
             Quit the game on level 1 of the Dungeon.
             The game lasted 00:01:15 (275 turns).

bande the Covered (Gargoyle Fighter)                 Turns: 275, Time: 00:01:16

Health: 19/19      AC: 10    Str: 19    XL:     2   Next: 20%
Magic:  2/2        EV:  9    Int: 14    God:
Gold:   14         SH:  4    Dex:  9    Spells: 1/1 levels left

rFire   . . .      SeeInvis .   a - +0 war axe
rCold   . . .      Faith    .   c - +0 buckler
rNeg    + . .      Spirit   .   b - +0 scale mail
rPois   ∞          Reflect  .   (no helmet)
rElec   +          Harm     .   (no cloak)
rCorr   .          Rampage  .   f - +0 pair of gloves
Will    .....                   (no boots)
Stlth   ..........              (no amulet)
HPRegen 0.06/turn               k - +6 ring of intelligence
MPRegen 0.08/turn               (no ring)

@: no status effects
A: sickness immunity, AC +2, negative energy resistance 1, electricity
resistance, torment resistance 1, petrification resistance, hooves 1, devolution
1
a: no special abilities


You were on level 1 of the Dungeon.
You visited 1 branch of the dungeon, and saw 1 of its levels.

You collected 14 gold pieces.

Inventory:

Hand Weapons
 a - a +0 war axe (weapon)
Armour
 b - a +0 scale mail (worn)
 c - a +0 buckler (worn)
 f - a +0 pair of gloves (worn)
Jewellery
 k - a +6 ring of intelligence (left hand)
Scrolls
 g - a scroll of enchant weapon {unknown}
 h - a scroll of identify
 j - a scroll of amnesia
Potions
 d - a potion of might
 i - a potion of curing
 l - a potion of invisibility


   Skills:
 + Level 3.5 Fighting
 + Level 1.9 Axes
 + Level 3.6 Armour
 + Level 3.4 Shields


You had one spell level left.
You didn't know any spells.
Your spell library was empty.

Dungeon Overview and Level Annotations

Branches:
Dungeon (1/15)

Altars:

Shops:
D:1 [


Innate Abilities, Weirdness & Mutations

You are immune to sickness and miasma.
Your stone body is resilient. (AC +2)
You are immune to poison.
You resist negative energy. (rN+)
You are resistant to electric shocks. (rElec)
You are resistant to unholy torment.
You are immune to petrification.
You have large cloven feet.
You have hidden genetic defects.


Message History

The dart slug launches a dart at you.
The slug dart hits you but does no damage.
You have reached level 2!
You hit the dart slug.
You kill the dart slug!
No target in view!
No target in view!
A frilled lizard comes into view.
A frilled lizard is nearby!
The frilled lizard hisses angrily.
You see here a ball python corpse.
Found a cyan potion.
You hit the frilled lizard.
You kill the frilled lizard!
No target in view!
No target in view!
No target in view!
No target in view!
e - a murky orange potion
g - a scroll labelled AGHEOC PEHECHU
h - 3 scrolls of identify You see here a quokka corpse.
j - a scroll of amnesia You now have 14 gold pieces.
You see here a ball python corpse.
Found Azxait's Antique Armour Emporium.
l - a cyan potion
As you read the scroll of identify, it crumbles to dust.
e - a potion of mutation
As you read the scroll of identify, it crumbles to dust.
l - a potion of invisibility Really quaff the potion of mutation?
You feel extremely strange.
Your feet thicken and deform.
You feel a hidden malignance growing inside you.
A ball python comes into view.
Found an orange potion.
The ball python hisses angrily.
A bat comes into view.
Are you sure you want to abandon this character and quit the game? (Confirm with "yes".)

##......#### ......bS...##
............####.
!...............#
................##
........$.........
..................
.......@........# ######
............$...# ≈○≈≈≈≈
.....#..........# ≈≈≈☼≈≈
#### ####...##..#≈ #≈≈≈≈
##.....#..#≈÷÷≈≈○≈
########........##≈≈≈ ≈≈≈
##.....##.......## #######
##...............# +....<.
#..................########


You could see a bat and a ball python.

Vanquished Creatures
  A dart slug (D:1)
  2 endoplasms (D:1)
  A giant cockroach (D:1)
  A quokka (D:1)
  A ball python (D:1)
  2 frilled lizards (D:1)
8 creatures vanquished.

Notes
Turn   | Place    | Note
-------+----------+-------------------------------------------
     0 | D:1      | bande the Gargoyle Fighter began the quest for the Orb.
     0 | D:1      | Reached XP level 1. HP: 14/14 MP: 1/1
   194 | D:1      | Reached XP level 2. HP: 16/19 MP: 2/2
   262 | D:1      | Found Azxait's Antique Armour Emporium.
   270 | D:1      | Gained mutation: You have large cloven feet. [potion of
                  | mutation]
   270 | D:1      | Gained mutation: You have hidden genetic defects. [potion
                  | of mutation]
   275 | D:1      | Quit the game

Illustrated notes

Levels and vault maps discovered:
D:1:      saegor_arrival_miasma, layout_rooms, serial_shops, shop_fountains,
          shop, nicolae_shop_overgrown_old_shop

Action                   || total
-------------------------++-------
Melee: War axe           ||    16
  Use: Scroll            ||     6
       Potion            ||     1
Armor: Scale mail        ||     7
Dodge: Dodged            ||     6
Block: Buckler           ||     4

Table legend: (Time is in decaauts)
 A = Elapsed time spent in this place.
 B = Non-inter-level travel time spent in this place.
 C = Inter-level travel time spent in this place.
 D = Time resting spent in this place.
 E = Time spent auto-exploring this place.
 F = Levels seen in this place.
 G = Mean time per level.
                   A        B        C        D        E       F      G
               +--------+--------+--------+--------+--------+-----+--------+
         Total |    281 |    281 |      0 |      0 |    206 |   1 |  281.0 |
       Dungeon |    281 |    281 |      0 |      0 |    206 |   1 |  281.0 |
               +--------+--------+--------+--------+--------+-----+--------+

Top non-repeatable levels by time:
     D:1: 281 daAuts
